 Dungeon Crawl Stone Soup version 0.26.0-10-g1f06aea511 (webtiles) character file.

Game seed: 10457057150765674888

339 ythm the Ruffian (level 6, -9/55 HPs)
             Began as a Troll Hunter on Jan 14, 2021.
             Mangled by an ogre
             ... wielding a +0 giant club
              (15 damage)
             ... while paralysed by Ijyb
             ... on level 4 of the Dungeon.
             The game lasted 00:02:54 (2911 turns).

ythm the Ruffian (Troll Hunter)                     Turns: 2911, Time: 00:02:54

Health: -9/55      AC:  6    Str: 21    XL:     6   Next: 29%
Magic:  14/14      EV:  1    Int:  7    God:
Gold:   168        SH:  0    Dex: 12    Spells: 5/5 levels left

rFire    + . .     SeeInvis .     - Unarmed
rCold    . . .     Faith    .   (no shield)
rNeg     . . .     Spirit   .   b - +0 robe
rPois    .         Reflect  .   (helmet restricted)
rElec    .         Harm     .   (no cloak)
rCorr    .         Rampage  .   (gloves unavailable)
Will     .....                  (boots unavailable)
Stlth    +.........             (no amulet)
HPRegen  0.58/turn              a - ring of magical power
MPRegen  0.14/turn              l - ring of protection from fire

@: paralysed
A: large, unfitting armour, claws 3, regeneration 1, shaggy fur 1, tough skin 3
a: no special abilities


You were on level 4 of the Dungeon.
You visited 1 branch of the dungeon, and saw 4 of its levels.

You collected 265 gold pieces.
You spent 97 gold pieces at shops.

Inventory:

Missiles
 c - 9 large rocks (quivered)
 d - 2 throwing nets
 o - 5 silver boomerangs
Armour
 b - a +0 robe (worn)
Jewellery
 a - a ring of magical power (left claw)
 l - a ring of protection from fire (right claw)
 n - an uncursed ring of see invisible {unknown}
 s - an uncursed ring of wizardry
Scrolls
 e - 3 scrolls of identify
 f - a scroll of fog {unknown}
 g - 2 scrolls of remove curse {unknown}
 j - a scroll of immolation {unknown}
 k - a scroll of teleportation {unknown}
 m - a scroll of blinking
Potions
 h - 3 potions of attraction
 i - a potion of heal wounds
 p - 2 potions of curing {unknown}
 q - a potion of lignification {unknown}
 r - a potion of ambrosia {unknown}


   Skills:
 - Level 1.5 Fighting
 - Level 3.6 Throwing
 - Level 1.5 Dodging
 - Level 0.3 Stealth
 + Level 6.3 Unarmed Combat


You had 5 spell levels left.
You didn't know any spells.
Your spell library was empty.

Dungeon Overview and Level Annotations

Branches:
Dungeon (4/15)
 Temple: D:4-7

Altars:
Dithmenos
Kikubaaqudgha
Nemelex Xobeh
Xom

Shops:
D:4 ?

Annotations:
D:4 Ijyb


Innate Abilities, Weirdness & Mutations

You are too large for most types of armour.
You have claws for hands.
Your natural rate of healing is unusually fast.
You are covered in fur. (AC +1)
You have extremely tough skin. (AC +3)


Message History

There is a stone staircase leading up here.
There is a stone staircase leading up here.
An ogre comes into view. It is wielding a +0 giant club.
An ogre is nearby!
An ogre is nearby!
An ogre is nearby!
Ijyb the Twisted Goblin comes into view.
She is wielding a +0 club, wearing a +0 leather armour of cold resistance and carrying a wand of paralysis (9).
The ogre hits you with a +0 giant club!!
There are monsters nearby!
You closely miss the ogre. Ijyb hits you with a +0 club.
The ogre hits you with a +0 giant club!
There are monsters nearby!
You are too injured to fight recklessly!
There are monsters nearby!
You are too injured to fight recklessly!
Ijyb zaps a wand.
You suddenly lose the ability to move!
The ogre hits you with a +0 giant club!!
* * * LOW HITPOINT WARNING * * *
The ogre hits you with a +0 giant club!
You die...

### #.. #.# ##.#
##.##..... #.....#
#gO# #.@#####.#
##........#
##...#######
##.....## ########
#.......#
#......##.#
##.....##
#...≈≈.≈≈.# ##....#
#...≈#'#≈.# ##.#.#
#...≈#_#≈.#
####.####...≈###≈...


You could see an ogre and Ijyb.

Vanquished Creatures
  A scorpion (D:4)
  2 orc priests (D:4)
  2 orc wizards (D:4)
  Jessica (D:2)
  2 worker ants (D:4)
  2 adders
  An ooze (D:2)
  3 worms
  A dart slug (D:3)
  6 orcs
  2 ball pythons
  8 bats
  8 hobgoblins
  4 jackals (D:3)
  2 frilled lizards (D:2)
  8 goblins
  6 kobolds
  4 rats
63 creatures vanquished.

Vanquished Creatures (others)
  5 dream sheep (D:4)
5 creatures vanquished.

Grand Total: 68 creatures vanquished

Notes
Turn   | Place    | Note
-------+----------+-------------------------------------------
     0 | D:1      | ythm the Troll Hunter began the quest for the Orb.
     0 | D:1      | Reached XP level 1. HP: 19/19 MP: 0/0
    93 | D:1      | Reached skill level 1 in Unarmed Combat
   320 | D:1      | Reached XP level 2. HP: 27/27 MP: 1/1
   754 | D:2      | Reached skill level 2 in Unarmed Combat
   975 | D:2      | Reached XP level 3. HP: 27/33 MP: 2/2
  1035 | D:2      | Found a shadowy altar of Dithmenos.
  1054 | D:2      | Reached skill level 3 in Unarmed Combat
  1079 | D:2      | You fall into a shaft and drop 2 floors!
  1080 | D:4      | Noticed a scorpion
  1084 | D:4      | Killed a scorpion
  1085 | D:4      | Reached skill level 4 in Unarmed Combat
  1085 | D:4      | Reached XP level 4. HP: 34/41 MP: 3/3
  1274 | D:4      | Noticed a dream sheep
  1274 | D:4      | Noticed a dream sheep
  1274 | D:4      | Noticed a dream sheep
  1274 | D:4      | Noticed a dream sheep
  1274 | D:4      | Noticed a dream sheep
  1274 | D:4      | Found a shimmering altar of Xom.
  1278 | D:4      | Killed a dream sheep
  1278 | D:4      | Killed a dream sheep
  1279 | D:4      | Killed a dream sheep
  1280 | D:4      | Killed a dream sheep
  1280 | D:4      | Killed a dream sheep
  1434 | D:4      | Found Yppetid's Magic Scroll Emporium.
  1507 | D:4      | Bought a scroll of blinking for 97 gold pieces
  1578 | D:4      | Reached XP level 5. HP: 48/48 MP: 4/4
  1602 | D:4      | Found an ancient bone altar of Kikubaaqudgha.
  1735 | D:3      | Reached skill level 5 in Unarmed Combat
  1972 | D:2      | Noticed Jessica
  1979 | D:2      | Killed Jessica
  2161 | D:3      | Found a sparkling altar of Nemelex Xobeh.
  2773 | D:4      | Reached skill level 6 in Unarmed Combat
  2773 | D:4      | Reached XP level 6. HP: 55/55 MP: 5/5
  2906 | D:4      | Noticed Ijyb
  2908 | D:4      | Paralysed by Ijyb for 7 turns
  2911 | D:4      | Mangled by an ogre

Illustrated notes

Levels and vault maps discovered:
D:1:      erik_arrival_orb_chamber, layout_basic
D:2:      layout_loops_cross, nicolae_dithmenos_through_a_glass_darkly,
          uniq_jessica
D:3:      layout_loops_ring, nemelex_xobeh_ov_fountains_minmay,
          nrook_mini_vaults
D:4:      layout_loops_cross, kennysheep_mini_moat, kb_xom_exploding_sheep,
          serial_shops, shop, uniq_ijyb

Skill      XL: |  1  2  3  4  5 |
---------------+----------------+-----
Unarmed Combat | 1 2 4 6 |  6.3
Fighting       | |  1.5
Throwing       | |  3.6
Dodging        | |  1.5
Stealth        | |  0.3

Action                   |  1- 3 |  4- 6 || total
-------------------------+-------+-------++-------
Melee: Short sword       |    20 |       ||    20
       Unarmed           |    56 |   110 ||   166
       Punch             |     1 |     1 ||     2
  Use: Scroll            |       |     2 ||     2
 Stab: Sleeping          |     2 |     1 ||     3
Armor: Robe              |    27 |    45 ||    72
Dodge: Dodged            |    35 |    57 ||    92
